AoeStats
← |GaoeG| flamingo

Nomad

503672843Analyzed
1v1 RM · 1mo ago on Sep 1, 2026· 32m 41s· 2 players
Game mode
Random Map
Map size
126×126
Population
200
Speed
Normal
Resources
Standard
Victory
Conquest
Starting age
Dark Age
Ending age
Imperial Age
RankedLock teamsTeams togetherTeam positionsShared explorationLock speedFull tech treeHidden civsTurbo modeCheats
Victory
Defeat
🇨🇭 Persians · Switzerland
1351
+16
🇪🇸 Spanish · Spain
1361
-16
Schloofi36
8:39 Loom
11:18 Feudal Age
11:46 Town Watch
14:45 Double-Bit Axe
15:36 Fletching
23:51 Horse Collar
28:49 Castle Age
27:48 Scale Barding Armor
29:22 Bloodlines
29:54 Bodkin Arrow
32:40 Forging
33:13 Medium Warships
|GaoeG| flamingo
6:15 Loom
12:58 Feudal Age
20:50 Castle Age
20:25 Town Watch
22:40 Scale Barding Armor
Connection lost

Rejoining the realm…

Still unreachable

The connection could not be restored.

Session expired

The server has moved on; the page needs a fresh start.